 Dungeon Crawl Stone Soup version 0.28.0-53-g5a82cb258f (webtiles) character file.

Game seed: 12198966841469609331

9772 Peloso the Carver (level 11, -19/97 HPs)
             Began as a Minotaur Fighter on July 18, 2022.
             Was a Follower of Okawaru.
             Killed from afar by a fire dragon (48 damage)
             ... with a blast of flame
             ... in a volcano.
             The game lasted 00:26:52 (14013 turns).

Peloso the Carver (Minotaur Fighter)               Turns: 14013, Time: 00:26:52

Health: -19/97     AC: 20    Str: 24    XL:     11   Next: 27%
Magic:  10/10      EV:  8    Int:  5    God:    Okawaru [*.....]
Gold:   399        SH: 12    Dex: 17    Spells: 10/10 levels left

rFire   . . .      SeeInvis .   a - +1 long sword (holy)
rCold   . . .      Faith    .   c - +0 kite shield
rNeg    . . .      Spirit   .   N - +0 plate armour
rPois   .          Reflect  .   (helmet restricted)
rElec   .          Harm     .   E - +0 cloak
rCorr   +          Rampage  .   H - +0 pair of gloves
Will    .....                   p - +1 pair of boots {Stlth+}
Stlth   ..........              (no amulet)
HPRegen 0.26/turn               f - +6 ring of dexterity
MPRegen 0.12/turn               m - ring of resist corrosion

@: no status effects
A: horns 2, retaliatory headbutt
a: Renounce Religion, Heroism


You were in a volcano.
You worshipped Okawaru.
Okawaru was aware of your devotion.
You visited 3 branches of the dungeon, and saw 11 of its levels.
You also visited: Ossuary and Volcano.

You collected 529 gold pieces.
You spent 130 gold pieces at shops.

Inventory:

Hand Weapons
 a - a +1 long sword of holy wrath (weapon)
 b - a +5 short sword of flaming
 G - a +2 long sword
Armour
 c - a +0 kite shield (worn)
 p - a +1 pair of boots of stealth (worn)
 E - a +0 cloak (worn)
 F - a +1 chain mail
 H - a +0 pair of gloves (worn)
 N - a +0 plate armour (worn)
Jewellery
 f - a +6 ring of dexterity (left hand)
 k - an amulet of guardian spirit
 m - a ring of resist corrosion (right hand)
 v - a +4 ring of evasion
 I - an amulet of magic regeneration
 M - a ring of willpower
Wands
 w - a wand of iceblast (10)
 x - a wand of flame (16)
 C - a wand of paralysis (7)
 J - a wand of charming (20)
Scrolls
 i - a scroll of brand weapon
 j - 3 scrolls of fear
 l - 4 scrolls of fog
 n - 3 scrolls of teleportation
 o - 2 scrolls of amnesia
 q - 4 scrolls of enchant armour
 u - a scroll of immolation
 y - 2 scrolls of silence
 z - a scroll of noise
 L - a scroll of enchant weapon
Potions
 d - a potion of might
 e - a potion of magic
 g - 5 potions of flight
 h - 6 potions of invisibility
 r - a potion of resistance
 s - 5 potions of curing
 t - 2 potions of mutation
 A - 2 potions of lignification
 B - a potion of cancellation {unknown}
 K - a potion of haste


   Skills:
 + Level 9.4 Fighting
 + Level 12.8 Long Blades
 + Level 11.2 Armour
 + Level 3.8 Dodging
 + Level 1.7 Stealth
 + Level 9.4 Shields
 + Level 0.1 Invocations
 + Level 1.0 Evocations


You had 10 spell levels left.
You didn't know any spells.
Your spell library contained the following spells:

 Spells                   Type           Power      Damage    Failure   Level
 Apportation              Tloc           0%         N/A       100%        1
 Storm Form               Tmut/Air       0%         N/A       100%        7
 Maxwell's Capacitive Co  Air            0%         ∞         100%        8
 Animate Skeleton         Necr           Unusable   N/A       N/A         1
 Summon Small Mammal      Summ           Unusable   N/A       N/A         1
 Summon Lightning Spire   Summ/Air       Unusable   N/A       N/A         4

Dungeon Overview and Level Annotations

Branches:
Dungeon (9/15)             Temple (1/1) D:4            Lair (1/6) D:8
Ossuary (visited)         Volcano (1/1)
    Orc: D:9-12

Altars:
Ashenzari
Cheibriados
Dithmenos
Elyvilon
Fedhas
Gozag
Hepliaklqana
Kikubaaqudgha
Makhleb
Nemelex Xobeh
Okawaru
Qazlal
Ru
Sif Muna
Trog
Uskayaw
Vehumet
Wu Jian
Xom
Yredelemnul
Zin
The Shining One

Shops:
D:7 *

Annotations:
D:9 1 transporter, exclusion: ice statue


Innate Abilities, Weirdness & Mutations

You have a pair of horns on your head.
You reflexively headbutt those who attack you in melee.


Message History

The fire dragon bites you but does no damage.
The fire dragon claws you. The fire dragon barely misses you.
You hit the fire dragon but do no damage.
You headbutt the fire dragon.
The fire dragon is severely wounded.
You block the fire dragon's attack.
The fire dragon claws you but does no damage.
You block the fire dragon's attack.
You hit the fire dragon but do no damage.
The fire dragon is severely wounded.
The fire dragon bites you but does no damage.
You block the fire dragon's attack.
The fire dragon tramples you but does no damage.
You barely miss the fire dragon. You headbutt the fire dragon.
The fire dragon is severely wounded.
The fire dragon breathes flames at you. The blast of flame hits you!!
You hit the fire dragon.
The fire dragon is severely wounded.
You hit the fire dragon but do no damage.
The fire dragon is severely wounded.
The fire dragon bites you but does no damage.
You block the fire dragon's attack. The fire dragon tramples you.
You hold your ground!
You hit the fire dragon but do no damage.
Your headbutt misses the fire dragon.
The fire dragon is severely wounded.
The fire dragon breathes flames at you. The blast of flame hits you!
You hit the fire dragon but do no damage.
The fire dragon is severely wounded.
The fire dragon bites you.
* * * LOW HITPOINT WARNING * * *
You block the fire dragon's attack.
The fire dragon tramples you but does no damage.
You hit the fire dragon but do no damage.
The fire dragon is severely wounded.
The fire dragon breathes flames at you. The blast of flame hits you!!!
You die...

##### #...#
#######8_8#######
#..)'.......')@.#
##...###...###D..#
#.[...###'###."$$.#
#.....#.....#.$!$.#
##)..##..∩..##[$)##
#....##.....##...#
########...#######
### ##'## ##.. #.#


You could see a fire dragon (catching breath).

Vanquished Creatures
  A lindwurm (Volcano)
  2 molten gargoyles (Volcano)
  A komodo dragon (Lair:1)
  3 kobold demonologists (D:9)
  2 hornets
  Grinder (D:4)
  Sigmund (D:5)
  Eustachio (D:5)
  A wyvern (D:7)
  8 fire bats (Volcano)
  5 steam dragons
  A vampire mosquito (D:8)
  Menkaure (Ossuary)
  A hell hound (Volcano)
  2 water moccasins (D:7)
  3 ice beasts
  2 orc warriors
  A black bear (D:5)
  3 sky beasts (D:6)
  An ogre (D:6)
  A necrophage (D:5)
  3 phantoms
  4 kobold brigands
  Blork the orc (D:5)
  3 bullfrogs
  2 gnoll sergeants
  2 wyvern zombies
  A water moccasin zombie (D:6)
  2 scorpions
  3 killer bees (D:9)
  12 wights
  A howler monkey (D:9)
  4 lava snakes (Volcano)
  3 bullfrog zombies
  5 centaur zombies
  3 hounds
  5 jellies
  A centaur skeleton (D:7)
  5 orc priests
  A gnoll shaman (D:8)
  Crazy Yiuf (D:6)
  A bullfrog skeleton (D:6)
  Terence (D:2)
  9 orc wizards
  A hound zombie (D:3)
  5 mummies
  9 adders
  6 gnolls
  A shadow imp (D:6)
  3 ufetubi
  4 worms
  4 dart slugs
  35 orcs
  8 ball pythons
  7 endoplasms
  2 giant cockroaches
  3 gnoll zombies (Ossuary)
  6 hobgoblins
  11 jackals
  5 quokkas
  8 bats
  2 frilled lizards (D:1)
  3 gnoll skeletons (Ossuary)
  8 goblins
  5 goblin skeletons (Ossuary)
  6 goblin zombies (Ossuary)
  5 hobgoblin skeletons (Ossuary)
  2 hobgoblin zombies (Ossuary)
  17 kobolds
  8 kobold skeletons (Ossuary)
  2 orc skeletons (Ossuary)
  8 orc zombies (Ossuary)
  9 rats
  2 rat skeletons (Ossuary)
  6 rat zombies (Ossuary)
316 creatures vanquished.

Vanquished Creatures (others)
  2 kobold brigands (D:8)
  A bullfrog (D:8)
  A fungus (Lair:1)
  A plant (Lair:1)
5 creatures vanquished.

Grand Total: 321 creatures vanquished

Notes
Turn   | Place    | Note
-------+----------+-------------------------------------------
     0 | D:1      | Peloso the Minotaur Fighter began the quest for the Orb.
     0 | D:1      | Reached XP level 1. HP: 19/19 MP: 0/0
    99 | D:1      | Reached XP level 2. HP: 20/27 MP: 1/1
   451 | D:1      | Reached XP level 3. HP: 33/33 MP: 2/2
  1032 | D:2      | Reached skill level 3 in Long Blades
  1073 | D:2      | Noticed Terence
  1085 | D:2      | Killed Terence
  1086 | D:2      | Reached XP level 4. HP: 24/40 MP: 3/3
  1163 | D:2      | Found a faded altar of an unknown god.
  1749 | D:3      | Reached skill level 4 in Long Blades
  1960 | D:3      | Reached XP level 5. HP: 35/47 MP: 4/4
  2096 | D:3      | Reached skill level 5 in Armour
  2199 | D:2      | Reached skill level 5 in Long Blades
  2596 | D:3      | Reached XP level 6. HP: 53/53 MP: 5/5
  3179 | D:4      | Found a sacrificial altar of Ru.
  3683 | D:4      | Reached skill level 5 in Fighting
  3743 | D:4      | Found a staircase to the Ecumenical Temple.
  3777 | D:4      | Reached skill level 6 in Long Blades
  3777 | D:4      | Reached XP level 7. HP: 54/55 MP: 6/6
  3804 | Temple   | Entered the Ecumenical Temple
  4160 | D:4      | Found a snail-covered altar of Cheibriados.
  4551 | D:4      | Reached skill level 1 in Dodging
  4767 | D:4      | Reached skill level 5 in Shields
  5048 | D:5      | Entered Level 5 of the Dungeon
  5196 | D:5      | Reached skill level 7 in Long Blades
  5200 | D:5      | Found a broken altar of Ashenzari.
  5202 | D:5      | Noticed Grinder
  5235 | D:4      | Killed Grinder
  5236 | D:4      | Reached XP level 8. HP: 48/69 MP: 7/7
  5381 | D:5      | Noticed Blork the orc
  5395 | D:5      | Killed Blork the orc
  5396 | D:5      | Reached skill level 8 in Long Blades
  5481 | D:5      | Noticed Sigmund
  5486 | D:5      | Killed Sigmund
  5755 | D:5      | Noticed Eustachio
  5764 | D:5      | Killed Eustachio
  5968 | D:6      | Found a sand-covered staircase.
  5973 | D:6      | Reached skill level 9 in Long Blades
  6022 | Ossuary  | Entered an ossuary
  6347 | Ossuary  | Noticed Menkaure
  6357 | Ossuary  | Killed Menkaure
  6491 | D:6      | Reached XP level 9. HP: 67/75 MP: 8/8
  6648 | D:6      | Found a runed translucent door.
  6649 | D:6      | Noticed Crazy Yiuf
  6671 | D:6      | Found a white marble altar of Elyvilon.
  6953 | D:6      | Reached skill level 10 in Long Blades
  7589 | D:6      | Killed Crazy Yiuf
  7674 | D:7      | Found an ornate altar of the Wu Jian Council.
  8298 | D:7      | Found Binn's Assorted Antiques.
  8312 | D:7      | Bought a runed long sword for 130 gold pieces
  8551 | D:7      | Reached skill level 11 in Long Blades
  8703 | D:7      | Reached XP level 10. HP: 83/88 MP: 9/9
  9316 | D:8      | You fall into a shaft and drop 1 floor!
  9323 | D:9      | Noticed a sun demon
  9483 | D:9      | Found a sparkling altar of Nemelex Xobeh.
  9483 | D:9      | Found a transporter.
  9483 | D:9      | Noticed a yaktaur captain
  9522 | D:9      | Noticed a white ugly thing
  9704 | D:9      | Reached skill level 10 in Armour
  9709 | D:9      | Reached skill level 1 in Stealth
  9848 | D:9      | Noticed a smoke demon
 10065 | D:9      | Noticed an ice statue
 10174 | D:9      | Paralysed by a hornet for 2 turns
 11226 | D:8      | Found a shimmering altar of Xom.
 11261 | D:8      | Reached skill level 12 in Long Blades
 11905 | D:8      | Found a staircase to the Lair.
 12837 | D:8      | Found a glowing silver altar of Zin.
 12837 | D:8      | Found an iron altar of Okawaru.
 12837 | D:8      | Found a bloodstained altar of Trog.
 12845 | D:8      | Became a worshipper of Warmaster Okawaru
 13046 | Lair:1   | Entered Level 1 of the Lair of Beasts
 13091 | Lair:1   | Reached skill level 1 in Evocations
 13128 | Lair:1   | Found a dark tunnel.
 13137 | Volcano  | Entered a volcano
 13323 | Volcano  | Reached XP level 11. HP: 68/97 MP: 10/10
 13525 | Volcano  | Found a radiant altar of Vehumet.
 13525 | Volcano  | Noticed a lindwurm
 13550 | Volcano  | Killed a lindwurm
 13550 | Volcano  | Reached * piety under Okawaru
 13994 | Volcano  | Noticed a fire dragon
 14013 | Volcano  | Killed from afar by a fire dragon

Illustrated notes

Levels and vault maps discovered:
D:1:      minmay_arrival_arboretum_small, layout_loops_ring, chequers_jeans
D:2:      layout_loops_ring, shapermc_ecumenical_altar_starsandcircs,
          uniq_terence
D:3:      layout_basic, guppyfry_early_orc_mine
D:4:      minmay_wonky_spiral, layout_basic, nicolae_ru_awakened_eye,
          slow_altar_2, temple_pool_b
D:5:      layout_rooms, overflow_temple_1_default, dk_noncrumbling_2,
          uniq_grinder, uniq_eustachio, uniq_sigmund, uniq_blork_the_orc
D:6:      layout_basic, mainiacjoe_overflow_small_starburst,
          gup_ossuary_entry_pyramid, grunt_decor_one_mirror,
          uniq_crazy_yiuf_cottage
D:7:      layout_loops_ring, pdpol_wu_jian_five_deadly_venoms, serial_shops,
          shop, minmay_misc_feat_diagonals, columned_hall_lemuel,
          minmay_misc_feat_encased
D:8:      layout_loops_ring, xom_confusion_cloud,
          gammafunk_temple_overflow_claw, lair_entry_dummy, grunt_decor_clamped,
          eino_tiny_chamber
D:9:      layout_long_grid, grunt_nemelex_the_gamble, minivault_16
Temple:   hc_temple_tempest_star
Lair:1:   layout_cave_pods, nicolae_volcano_entry_two_sided,
          serial_bayou_shore_b
Volcano:  volcano_grotto [vgs_original]

Skill      XL: |  1  2  3  4  5  6  7  8  9 10 11 |
---------------+----------------------------------+-----
Shields        | 4 5 6 8 9 |  9.4
Armour         | 4 5 7 8 9 11 | 11.2
Fighting       | 4 5 6 8 9 |  9.4
Long Blades    | 3 4 5 6 7 9 11 12 | 12.8
Dodging        | 1 2 3 |  3.8
Stealth        | 1 |  1.7
Evocations     | 1 |  1.0
Invocations    | |  0.1

Action                   |  1- 3 |  4- 6 |  7- 9 | 10-12 || total
-------------------------+-------+-------+-------+-------++-------
Melee: Long sword        |    72 |   184 |   369 |   309 ||   934
       Headbutt          |    13 |    31 |    80 |    69 ||   193
Invok: Heroism           |       |       |       |     3 ||     3
Evoke: Wand              |       |       |       |     1 ||     1
  Use: Scroll            |       |       |    17 |     5 ||    22
       Potion            |       |       |     1 |    10 ||    11
 Stab: Paralysed         |       |       |       |     3 ||     3
Armor: Scale mail        |    42 |       |       |       ||    42
       Chain mail        |    14 |   103 |   151 |    91 ||   359
       Plate armour      |       |       |       |    41 ||    41
       Skin              |       |       |       |    72 ||    72
Dodge: Dodged            |    22 |    55 |   105 |   103 ||   285
Block: Buckler           |    14 |    41 |    97 |    32 ||   184
       Kite shield       |       |       |       |   140 ||   140
